WCHLSIM.com - West Coast Hockey League
html PUBLIC "-//W3C//DTD XHTML 1.0 Transitional//EN" "http://www.w3.org/TR/xhtml1/DTD/xhtml1-transitional.dtd"> WCHL - Game 700 - SAN DIEGO THUNDER vs RENO LIONS

SAN DIEGO THUNDER vs RENO LIONS

Created - 22 janvier 2020 at 17:34

Goals
1 2 3 T
SAN DIEGO THUNDER 0 1 1 2
RENO LIONS 1 1 2 4
Shots
1 2 3 T
SAN DIEGO THUNDER 14 15 13 42
RENO LIONS 10 11 14 35

1st period

1. RENO LIONS , Alex Killorn 8 (Elias Pettersson 35, Timo Meier 19) at 7:27

Penalties :
Patrik Nemeth (SDG) for Tripping (Minor) at 2:33, Josh Anderson (SDG) for Holding (Minor) at 8:01, Radko Gudas (SDG) for Roughing (Minor) at 8:36, Pierre-Luc Dubois (REN) for Holding (Minor) at 13:29

2nd period

2. RENO LIONS , Ryan Pulock 6 (Alex Killorn 5, Pierre-Luc Dubois 43) at 11:15 (PP)
3. SAN DIEGO THUNDER , Logan Couture 24 (Nikita Kucherov 32) at 11:45

Penalties :
Radko Gudas (SDG) for Interference (Minor) at 1:32, Connor Murphy (SDG) for Hooking (Minor) at 9:50, Josh Manson (SDG) for Goalie Interference (Minor) at 18:56

3rd period

4. RENO LIONS , Elias Pettersson 31 (Max Domi 42, Evgeny Dadonov 25) at 8:37 (PP)
5. RENO LIONS , Vincent Hinostroza 9 (Anders Lee 15, Olli Maatta 9) at 17:00
6. SAN DIEGO THUNDER , Bo Horvat 20 (Alexander Edler 27, Evander Kane 27) at 17:49

Penalties :
David Perron (SDG) for Elbowing (Minor) at 4:28, Josh Manson (SDG) for Goalie Interference (Minor) at 8:09

Goalie Stats

Connor Hellebuyck (SDG), 31 saves from 35 shots - (0,886), L, 19-15-3, 60:00 minutes
Jaroslav Halak (REN), 40 saves from 42 shots - (0,952), W, 22-6-1, 60:00 minutes

Players Stats for SAN DIEGO THUNDER

Player Name              G  A  P  +/- PIM S  H  SB GA TA FO     MP     PP MP  PK MP  
------------------------------------------------------------------------------------
Alexander Edler          0  1  1   1  0   3  0  3  0  0  0/0    24:11   1:09   8:53 
Bo Horvat                1  0  1   1  0   5  0  0  0  0  17/23  16:15   0:50   0:28 
Charles McAvoy           0  0  0   0  0   2  0  3  0  0  0/0    17:49   0:50   2:20 
Christian Fischer        0  0  0   0  0   0  1  0  0  0  0/2     2:55   0:00   0:00 
Connor Murphy            0  0  0  -1  2   1  1  1  0  0  0/0    20:07   1:09   3:34 
David Perron             0  0  0  -1  2   2  1  0  0  0  0/3    17:58   1:09   0:00 
Dominik Kahun            0  0  0   0  0   3  0  0  0  0  0/2    14:53   0:00   1:02 
Evander Kane             0  1  1   1  0   6  1  0  0  0  2/3    22:17   0:50   6:30 
James Neal               0  0  0   0  0   2  0  0  0  0  0/0     2:55   0:00   0:00 
Jared McCann             0  0  0   0  0   0  0  0  0  0  0/0     0:00   0:00   0:00 
Jean-Gabriel Pageau      0  0  0   0  0   4  2  0  0  0  21/30  18:38   0:00   7:42 
Josh Anderson            0  0  0   1  2   0  1  0  0  0  0/0    18:59   0:50   3:13 
Josh Manson              0  0  0  -1  4   1  2  1  0  0  0/0    22:25   0:00   4:54 
Logan Couture            1  0  1  -1  0   5  0  0  0  0  16/23  17:59   1:09   0:00 
Nikita Kucherov          0  1  1  -1  0   5  0  0  0  0  1/2    17:59   1:09   0:00 
Patrik Nemeth            0  0  0   0  2   0  2  0  0  0  0/0    14:01   0:00   0:06 
Pierre-Edouard Bellemare 0  0  0   0  0   2  0  0  0  0  1/1    15:23   0:00   4:27 
Radko Gudas              0  0  0   1  4   1  5  2  0  0  0/0    21:21   0:50   4:58 

Players Stats for RENO LIONS

Player Name              G  A  P  +/- PIM S  H  SB GA TA FO     MP     PP MP  PK MP  
------------------------------------------------------------------------------------
Alex Killorn             1  1  2   0  0   2  1  0  0  0  1/3    21:47   5:24   0:00 
Anders Lee               0  1  1   0  0   1  0  0  0  0  0/0    11:08   0:00   0:00 
Blake Coleman            0  0  0   0  0   3  0  0  0  0  6/14   12:01   0:00   0:53 
Drew Stafford            0  0  0   0  0   1  0  0  0  0  0/0     3:47   0:00   0:00 
Elias Pettersson         1  1  2   0  0   2  0  0  0  0  7/22   23:22   6:59   0:00 
Ethan Bear               0  0  0   0  0   1  1  3  0  0  0/0    14:57   4:43   1:02 
Evgeny Dadonov           0  1  1   0  0   3  0  0  0  0  0/3    21:19   6:59   0:00 
Jordie Benn              0  0  0   0  0   2  2  1  0  0  0/0    22:39   4:43   0:57 
Max Domi                 0  1  1   0  0   1  3  0  0  0  11/28  21:19   6:59   0:00 
Nikolay Goldobin         0  0  0   0  0   0  0  0  0  0  0/1     3:47   0:00   0:00 
Oliver Ekman-Larsson     0  0  0   0  0   2  2  0  0  0  0/0    24:49   7:40   0:00 
Olli Maatta              0  1  1   0  0   2  2  1  0  0  0/0    20:14   0:00   0:57 
Pierre-Luc Dubois        0  1  1   0  2   7  4  0  0  0  2/3    19:43   5:24   0:00 
Robert Hagg              0  0  0   0  0   0  3  0  0  0  0/0    12:32   0:00   1:02 
Ryan Pulock              1  0  1   0  0   3  2  1  0  0  0/0    24:49   7:40   0:00 
Timo Meier               0  1  1   0  0   2  4  1  0  0  0/4    22:53   5:24   1:06 
Tomas Nosek              0  0  0   0  0   2  0  1  0  0  3/8     5:05   0:00   1:18 
Vincent Hinostroza       1  0  1   0  0   1  0  0  0  0  1/3    11:49   0:00   0:41 

3 Stars

1 - Jaroslav Halak (REN)
2 - Alex Killorn (REN)
3 - Elias Pettersson (REN)

Power Play

SAN DIEGO THUNDER - 0 on 1 Attempt(s) - 0,00%
RENO LIONS - 2 on 8 Attempt(s) - 25,00%

Penalty Kill

SAN DIEGO THUNDER - 6 on 8 Attempt(s) - 75,00% - Score 0 goal in Penalty Kill
RENO LIONS - 1 on 1 Attempt(s) - 100,00% - Score 0 goal in Penalty Kill

Team Stat

SAN DIEGO THUNDER - Hits : 16 - Faceoff Wins : 58 - Blocked Shots : 10 - Penalty Minutes : 16
RENO LIONS - Hits : 24 - Faceoff Wins : 31 - Blocked Shots : 8 - Penalty Minutes : 2

Official

Referees : Mike Hasenfratz and Dave Lewis
Linesman : Jim Harper and Rob Sauda

Game Notes

No Game Note

Finance

Level 1 -- Attendance: 3879 (55,41%) -- Ticket Income 659 430 $
Level 2 -- Attendance: 3320 (55,33%) -- Ticket Income 415 000 $
Level 3 -- Attendance: 1606 (53,53%) -- Ticket Income 128 480 $
Level 4 -- Attendance: 2709 (54,18%) -- Ticket Income 148 995 $
Luxury Box -- Attendance: 592 (59,20%) -- Ticket Income 224 960 $
Game was played at the Lions Kingdom.
Total Attendance: 12106 (55,03%)
Total Ticket Income: 1 576 865 $
Other Income: 473 060 $
Total Income: 2 049 925 $

SAN DIEGO THUNDER

5 vs 5 Forward 
   Center                   Left Wing                Right Wing               Time % Phy DF OF 
 1 Logan Couture            David Perron             Nikita Kucherov          34     1   2  2  
 2 Bo Horvat                Evander Kane             Josh Anderson            31     1   2  2  
 3 Jean-Gabriel Pageau      Pierre-Edouard Bellemare Dominik Kahun            25     1   2  2  
 4 Christian Fischer        Dominik Kahun            James Neal               10     0   4  1  

5 vs 5 Defense 
   Defense                  Defense                                           Time % Phy DF OF 
 1 Alexander Edler          Radko Gudas                                       34     0   2  3  
 2 Connor Murphy            Josh Manson                                       32     1   2  2  
 3 Patrik Nemeth            Charles McAvoy                                    24     1   2  2  
 4 Josh Manson              Charles McAvoy                                    10     0   3  2  

PowerPlay Forward 
   Center                   Left Wing                Right Wing               Time % Phy DF OF 
 1 Logan Couture            David Perron             Nikita Kucherov          55     0   0  5  
 2 Bo Horvat                Evander Kane             Josh Anderson            45     0   0  5  

PowerPlay Defense
   Defense                  Defense                                           Time % Phy DF OF 
 1 Alexander Edler          Connor Murphy                                     55     0   1  4  
 2 Charles McAvoy           Radko Gudas                                       45     0   1  4  

Penalty Kill 4 Players Forward 
   Center                   Wing                     Time % Phy DF OF 
 1 Jean-Gabriel Pageau      Evander Kane             55     1   3  1  
 2 Pierre-Edouard Bellemare Josh Anderson            45     1   3  1  

Penalty Kill 4 Players Defense
   Defense                  Defense                  Time % Phy DF OF 
 1 Alexander Edler          Josh Manson              55     1   2  2  
 2 Connor Murphy            Radko Gudas              45     1   2  2  

Penalty Kill - 3 Players Forward 
   Forward                                           Time % Phy DF OF 
 1 Jean-Gabriel Pageau                               55     1   4  0  
 2 Pierre-Edouard Bellemare                          45     1   4  0  

Penalty Kill - 3 Players Defense
   Defense                  Defense                  Time % Phy DF OF 
 1 Alexander Edler          Josh Manson              55     1   2  2  
 2 Radko Gudas              Connor Murphy            45     1   2  2  

4 vs 4 Forward 
   Center                   Wing                     Time % Phy DF OF 
 1 Logan Couture            Nikita Kucherov          55     1   2  2  
 2 Bo Horvat                Evander Kane             45     1   2  2  

4 vs 4 Defense
   Defense                  Defense                  Time % Phy DF OF 
 1 Charles McAvoy           Patrik Nemeth            55     1   2  2  
 2 Alexander Edler          Connor Murphy            45     1   2  2  

Last Minutes Offensive
   Center                   Left Wing                Right Wing               Defense                  Defense                  
   Logan Couture            David Perron             Nikita Kucherov          Alexander Edler          Charles McAvoy           

Last Minutes Defensive
   Center                   Left Wing                Right Wing               Defense                  Defense                  
   Logan Couture            Pierre-Edouard Bellemare Nikita Kucherov          Alexander Edler          Connor Murphy            

Goaltenders
Starting : Connor Hellebuyck        
Backup : Laurent Brossoit         

Extra Forwards
Normal : Nikita Kucherov, Bo Horvat, Logan Couture - PP : Nikita Kucherov, Josh Anderson - PK : Pierre-Edouard Bellemare
Extra Defensemen
Normal : Charles McAvoy, Radko Gudas, Patrik Nemeth - PP : Charles McAvoy - PK : Josh Manson, Radko Gudas
Penalty Shots
Nikita Kucherov, Logan Couture, David Perron, Bo Horvat, Josh Anderson
Custom OT Lines Forwards
Nikita Kucherov, Logan Couture, David Perron, Evander Kane, Bo Horvat, Jean-Gabriel Pageau, Dominik Kahun, Josh Anderson, Jared McCann, Pierre-Edouard Bellemare
Custom OT Lines Defensemen
Charles McAvoy, Josh Manson, Radko Gudas, Connor Murphy, Patrik Nemeth

Scratches
None

RENO LIONS

5 vs 5 Forward 
   Center                   Left Wing                Right Wing               Time % Phy DF OF 
 1 Elias Pettersson         Alex Killorn             Timo Meier               35     1   2  2  
 2 Max Domi                 Pierre-Luc Dubois        Evgeny Dadonov           30     1   2  2  
 3 Blake Coleman            Anders Lee               Vincent Hinostroza       25     1   2  2  
 4 Tomas Nosek              Nikolay Goldobin         Drew Stafford            10     1   2  2  

5 vs 5 Defense 
   Defense                  Defense                                           Time % Phy DF OF 
 1 Oliver Ekman-Larsson     Ryan Pulock                                       35     1   2  2  
 2 Olli Maatta              Jordie Benn                                       35     1   2  2  
 3 Ethan Bear               Robert Hagg                                       25     1   2  2  
 4 Oliver Ekman-Larsson     Ryan Pulock                                       5      1   2  2  

PowerPlay Forward 
   Center                   Left Wing                Right Wing               Time % Phy DF OF 
 1 Max Domi                 Evgeny Dadonov           Elias Pettersson         55     1   2  2  
 2 Pierre-Luc Dubois        Alex Killorn             Timo Meier               45     1   2  2  

PowerPlay Defense
   Defense                  Defense                                           Time % Phy DF OF 
 1 Oliver Ekman-Larsson     Ryan Pulock                                       55     1   2  2  
 2 Ethan Bear               Jordie Benn                                       45     1   2  2  

Penalty Kill 4 Players Forward 
   Center                   Wing                     Time % Phy DF OF 
 1 Tomas Nosek              Timo Meier               55     1   2  2  
 2 Pierre-Luc Dubois        Blake Coleman            45     1   2  2  

Penalty Kill 4 Players Defense
   Defense                  Defense                  Time % Phy DF OF 
 1 Jordie Benn              Olli Maatta              55     1   2  2  
 2 Ethan Bear               Robert Hagg              45     1   2  2  

Penalty Kill - 3 Players Forward 
   Forward                                           Time % Phy DF OF 
 1 Timo Meier                                        55     1   2  2  
 2 Blake Coleman                                     45     1   2  2  

Penalty Kill - 3 Players Defense
   Defense                  Defense                  Time % Phy DF OF 
 1 Jordie Benn              Ryan Pulock              55     1   2  2  
 2 Olli Maatta              Ethan Bear               45     1   2  2  

4 vs 4 Forward 
   Center                   Wing                     Time % Phy DF OF 
 1 Max Domi                 Anders Lee               55     1   2  2  
 2 Blake Coleman            Alex Killorn             45     1   2  2  

4 vs 4 Defense
   Defense                  Defense                  Time % Phy DF OF 
 1 Olli Maatta              Robert Hagg              55     1   2  2  
 2 Ethan Bear               Ryan Pulock              45     1   2  2  

Last Minutes Offensive
   Center                   Left Wing                Right Wing               Defense                  Defense                  
   Max Domi                 Evgeny Dadonov           Elias Pettersson         Oliver Ekman-Larsson     Ryan Pulock              

Last Minutes Defensive
   Center                   Left Wing                Right Wing               Defense                  Defense                  
   Pierre-Luc Dubois        Tomas Nosek              Timo Meier               Jordie Benn              Ryan Pulock              

Goaltenders
Starting : Jaroslav Halak           
Backup : Thomas Greiss            

Extra Forwards
Normal : Elias Pettersson, Evgeny Dadonov, Max Domi - PP : Alex Killorn, Anders Lee - PK : Tomas Nosek
Extra Defensemen
Normal : Oliver Ekman-Larsson, Robert Hagg, Ryan Pulock - PP : Oliver Ekman-Larsson - PK : Jordie Benn, Olli Maatta
Penalty Shots
Elias Pettersson, Max Domi, Timo Meier, Evgeny Dadonov, Pierre-Luc Dubois
Custom OT Lines Forwards
Timo Meier, Evgeny Dadonov, Elias Pettersson, Pierre-Luc Dubois, Alex Killorn, Max Domi, Anders Lee, Blake Coleman, Vincent Hinostroza, Tomas Nosek
Custom OT Lines Defensemen
Oliver Ekman-Larsson, Ryan Pulock, Olli Maatta, Jordie Benn, Ethan Bear

Scratches
Nicolas Hague (Healthy), Cale Fleury (Healthy), David Kase (Healthy), Gabriel Fortier (Healthy), Glenn Gawdin (Healthy)
Adam McQuaid (Healthy), William Karlsson (Sprained Right Ankle Injury), Calvin Pickard (Healthy)

% Time on Ice - SAN DIEGO THUNDER

Lines # - Real PCT - Wanted PCT - Time Play
Normal Forward
1 - 37% - 34% - 16:50
2 - 33% - 31% - 14:57
3 - 24% - 25% - 10:56
4 - 6% - 10% - 2:55
Normal Defense
1 - 34% - 34% - 15:34
2 - 34% - 32% - 15:25
3 - 27% - 24% - 12:28
4 - 5% - 10% - 2:11
PP Forward
1 - 58% - 55% - 1:09
2 - 42% - 45% - 0:50
PP Defense
1 - 58% - 55% - 1:09
2 - 42% - 45% - 0:50
PK Forward
1 - 66% - 55% - 7:15
2 - 34% - 45% - 3:44
PK Defense
1 - 59% - 55% - 6:27
2 - 41% - 45% - 4:32
PK3 Forward
1 - 65% - 55% - 0:55
2 - 35% - 45% - 0:29
PK3 Defense
1 - 65% - 55% - 0:55
2 - 35% - 45% - 0:29
44 Forward
1 - 0% - 55%
2 - 0% - 45%
44 Defense
1 - 0% - 55%
2 - 0% - 45%
Last Minute Offensive  - 0:00
Last Minute Defensive  - 0:00
Total
Forward - 60:00
Defense - 60:00

% Time on Ice - RENO LIONS

Lines # - Real PCT - Wanted PCT - Time Play
Normal Forward
1 - 36% - 35% - 16:23
2 - 31% - 30% - 14:20
3 - 24% - 25% - 11:08
4 - 8% - 10% - 3:47
Normal Defense
1 - 38% - 35% - 17:09
2 - 37% - 35% - 16:59
3 - 25% - 25% - 11:30
4 - 0% - 5% - 0:00
PP Forward
1 - 56% - 55% - 6:59
2 - 44% - 45% - 5:24
PP Defense
1 - 62% - 55% - 7:40
2 - 38% - 45% - 4:43
PK Forward
1 - 55% - 55% - 1:06
2 - 45% - 45% - 0:53
PK Defense
1 - 48% - 55% - 0:57
2 - 52% - 45% - 1:02
PK3 Forward
1 - 0% - 55%
2 - 0% - 45%
PK3 Defense
1 - 0% - 55%
2 - 0% - 45%
44 Forward
1 - 0% - 55%
2 - 0% - 45%
44 Defense
1 - 0% - 55%
2 - 0% - 45%
Last Minute Offensive  - 0:00
Last Minute Defensive  - 0:00
Total
Forward - 60:00
Defense - 60:00

Play-by-Play

1st period


0:01 of 1st period - Logan Couture wins face-off versus Elias Pettersson in neutral zone.
0:53 of 1st period - Icing by Ryan Pulock.
0:54 of 1st period - Elias Pettersson wins face-off versus Bo Horvat in RENO LIONS zone.
2:19 of 1st period - Jean-Gabriel Pageau is hit by Robert Hagg and loses puck.
2:33 of 1st period - Minor Penalty to Patrik Nemeth for Tripping.
2:34 of 1st period - Pierre-Luc Dubois wins face-off versus Jean-Gabriel Pageau in SAN DIEGO THUNDER zone.
2:58 of 1st period - Pierre-Luc Dubois is hit by Radko Gudas and loses puck.
3:02 of 1st period - Timo Meier is hit by Radko Gudas and loses puck.
4:06 of 1st period - Evander Kane is hit by Ethan Bear and loses puck.
5:23 of 1st period - Icing by Olli Maatta.
5:24 of 1st period - Logan Couture wins face-off versus Blake Coleman in RENO LIONS zone.
5:39 of 1st period - Shot by Logan Couture.
5:39 of 1st period - Shot Misses the Net.
5:41 of 1st period - Shot by Radko Gudas.
5:41 of 1st period - Stopped by Jaroslav Halak without a rebound.
5:42 of 1st period - Bo Horvat wins face-off versus Elias Pettersson in RENO LIONS zone.
5:42 of 1st period - Bo Horvat is hit by Ryan Pulock.
5:50 of 1st period - Shot by Bo Horvat.
5:50 of 1st period - Stopped by Jaroslav Halak with a rebound.
6:06 of 1st period - Shot by Timo Meier.
6:06 of 1st period - Shot Misses the Net.
6:08 of 1st period - Shot by Elias Pettersson.
6:08 of 1st period - Shot Misses the Net.
6:10 of 1st period - Shot by Timo Meier.
6:10 of 1st period - Shot Misses the Net.
6:12 of 1st period - Shot by Ryan Pulock.
6:12 of 1st period - Stopped by Connor Hellebuyck without a rebound.
6:13 of 1st period - Jean-Gabriel Pageau wins face-off versus Evgeny Dadonov in SAN DIEGO THUNDER zone.
6:13 of 1st period - Jean-Gabriel Pageau is hit by Max Domi.
6:21 of 1st period - Olli Maatta is hit by Radko Gudas and loses puck.
6:44 of 1st period - Evgeny Dadonov is hit by Radko Gudas and loses puck.
7:27 of 1st period - Shot by Alex Killorn.
7:27 of 1st period - Goal by Alex Killorn - SAN DIEGO THUNDER : 0 - RENO LIONS : 1.
7:28 of 1st period - Bo Horvat wins face-off versus Tomas Nosek in neutral zone.
7:54 of 1st period - Shot by Bo Horvat.
7:54 of 1st period - Shot Misses the Net.
8:01 of 1st period - Minor Penalty to Josh Anderson for Holding.
8:02 of 1st period - Jean-Gabriel Pageau wins face-off versus Timo Meier in SAN DIEGO THUNDER zone.
8:26 of 1st period - Pierre-Luc Dubois is hit by Radko Gudas and loses puck.
8:36 of 1st period - Minor Penalty to Radko Gudas for Roughing.
8:37 of 1st period - Max Domi wins face-off versus Jean-Gabriel Pageau in SAN DIEGO THUNDER zone.
8:41 of 1st period - Shot by Max Domi.
8:41 of 1st period - Shot Misses the Net.
8:47 of 1st period - Shot by Evgeny Dadonov.
8:47 of 1st period - Stopped by Connor Hellebuyck with a rebound.
9:07 of 1st period - Shot by Elias Pettersson.
9:07 of 1st period - Deflect By Evgeny Dadonov.
9:07 of 1st period - Shot Misses the Net.
9:09 of 1st period - Shot by Ethan Bear.
9:09 of 1st period - Shot Blocked by Josh Manson.
9:19 of 1st period - Shot by Max Domi.
9:19 of 1st period - Shot Misses the Net.
10:22 of 1st period - Charles McAvoy is hit by Pierre-Luc Dubois and loses puck.
10:36 of 1st period - Icing by Max Domi.
10:37 of 1st period - Logan Couture wins face-off versus Blake Coleman in RENO LIONS zone.
10:38 of 1st period - Shot by Nikita Kucherov.
10:38 of 1st period - Stopped by Jaroslav Halak without a rebound.
10:39 of 1st period - Logan Couture wins face-off versus Blake Coleman in RENO LIONS zone.
10:55 of 1st period - Shot by Nikita Kucherov.
10:55 of 1st period - Stopped by Jaroslav Halak with a rebound.
10:57 of 1st period - Shot by Logan Couture.
10:57 of 1st period - Stopped by Jaroslav Halak without a rebound.
10:58 of 1st period - Tomas Nosek wins face-off versus Bo Horvat in RENO LIONS zone.
11:13 of 1st period - Shot by Drew Stafford.
11:13 of 1st period - Stopped by Connor Hellebuyck without a rebound.
11:14 of 1st period - Logan Couture wins face-off versus Elias Pettersson in SAN DIEGO THUNDER zone.
11:28 of 1st period - Shot by Timo Meier.
11:28 of 1st period - Shot Misses the Net.
11:30 of 1st period - Shot by Timo Meier.
11:30 of 1st period - Shot Misses the Net.
11:38 of 1st period - Shot by Alex Killorn.
11:38 of 1st period - Stopped by Connor Hellebuyck without a rebound.
11:39 of 1st period - Jean-Gabriel Pageau wins face-off versus Max Domi in SAN DIEGO THUNDER zone.
11:39 of 1st period - Jean-Gabriel Pageau is hit by Pierre-Luc Dubois.
11:51 of 1st period - Shot by Jean-Gabriel Pageau.
11:51 of 1st period - Stopped by Jaroslav Halak without a rebound.
11:52 of 1st period - Logan Couture wins face-off versus Alex Killorn in RENO LIONS zone.
11:53 of 1st period - Shot by Nikita Kucherov.
11:53 of 1st period - Shot Misses the Net.
12:06 of 1st period - Elias Pettersson is hit by Patrik Nemeth.
12:21 of 1st period - Icing by Logan Couture.
12:22 of 1st period - Logan Couture wins face-off versus Max Domi in SAN DIEGO THUNDER zone.
12:33 of 1st period - Shot by Nikita Kucherov.
12:33 of 1st period - Stopped by Jaroslav Halak without a rebound.
12:34 of 1st period - Blake Coleman wins face-off versus Jean-Gabriel Pageau in RENO LIONS zone.
12:34 of 1st period - Blake Coleman is hit by Jean-Gabriel Pageau.
12:46 of 1st period - Shot by Jean-Gabriel Pageau.
12:46 of 1st period - Stopped by Jaroslav Halak without a rebound.
12:47 of 1st period - Bo Horvat wins face-off versus Evgeny Dadonov in RENO LIONS zone.
12:59 of 1st period - Shot by Max Domi.
12:59 of 1st period - Stopped by Connor Hellebuyck with a rebound.
13:01 of 1st period - Shot by Olli Maatta.
13:01 of 1st period - Stopped by Connor Hellebuyck without a rebound.
13:02 of 1st period - Elias Pettersson wins face-off versus Jean-Gabriel Pageau in SAN DIEGO THUNDER zone.
13:21 of 1st period - Shot by Timo Meier.
13:21 of 1st period - Stopped by Connor Hellebuyck without a rebound.
13:22 of 1st period - Logan Couture wins face-off versus Max Domi in SAN DIEGO THUNDER zone.
13:22 of 1st period - Logan Couture is hit by Pierre-Luc Dubois.
13:29 of 1st period - Minor Penalty to Pierre-Luc Dubois for Holding.
13:30 of 1st period - Tomas Nosek wins face-off versus David Perron in RENO LIONS zone.
13:56 of 1st period - Shot by Alexander Edler.
13:56 of 1st period - Stopped by Jaroslav Halak without a rebound.
13:57 of 1st period - Bo Horvat wins face-off versus Tomas Nosek in RENO LIONS zone.
14:00 of 1st period - Shot by Evander Kane.
14:00 of 1st period - Stopped by Jaroslav Halak with a rebound.
14:46 of 1st period - Shot by Blake Coleman.
14:46 of 1st period - Stopped by Connor Hellebuyck without a rebound.
14:47 of 1st period - Logan Couture wins face-off versus Tomas Nosek in SAN DIEGO THUNDER zone.
14:47 of 1st period - Logan Couture is hit by Timo Meier.
15:05 of 1st period - Shot by Logan Couture.
15:05 of 1st period - Deflect By Nikita Kucherov.
15:05 of 1st period - Shot Misses the Net.
15:07 of 1st period - Shot by Connor Murphy.
15:07 of 1st period - Stopped by Jaroslav Halak without a rebound.
15:08 of 1st period - Vincent Hinostroza wins face-off versus Nikita Kucherov in RENO LIONS zone.
15:28 of 1st period - Shot by Logan Couture.
15:28 of 1st period - Shot Misses the Net.
17:09 of 1st period - Shot by Elias Pettersson.
17:09 of 1st period - Shot Misses the Net.
17:35 of 1st period - Shot by Logan Couture.
17:35 of 1st period - Stopped by Jaroslav Halak without a rebound.
17:36 of 1st period - Tomas Nosek wins face-off versus Christian Fischer in RENO LIONS zone.
17:52 of 1st period - Shot by Tomas Nosek.
17:52 of 1st period - Stopped by Connor Hellebuyck without a rebound.
17:53 of 1st period - Logan Couture wins face-off versus Blake Coleman in SAN DIEGO THUNDER zone.
18:39 of 1st period - Shot by Logan Couture.
18:39 of 1st period - Stopped by Jaroslav Halak without a rebound.
18:40 of 1st period - Bo Horvat wins face-off versus Timo Meier in RENO LIONS zone.
18:43 of 1st period - Shot by Josh Anderson.
18:43 of 1st period - Shot Misses the Net.
18:45 of 1st period - Shot by Evander Kane.
18:45 of 1st period - Shot Blocked by Timo Meier.
18:47 of 1st period - Shot by Evander Kane.
18:47 of 1st period - Stopped by Jaroslav Halak without a rebound.
18:48 of 1st period - Jean-Gabriel Pageau wins face-off versus Elias Pettersson in RENO LIONS zone.
19:49 of 1st period - Icing by Timo Meier.
19:50 of 1st period - Elias Pettersson wins face-off versus Bo Horvat in RENO LIONS zone.
Goals for this period are 0 for SAN DIEGO THUNDER vs 1 for RENO LIONS.
Shots for this period are 14 for SAN DIEGO THUNDER vs 10 for RENO LIONS.

2nd period


0:01 of 2nd period - Max Domi wins face-off versus Logan Couture in neutral zone.
0:06 of 2nd period - Shot by Evgeny Dadonov.
0:06 of 2nd period - Shot Blocked by Alexander Edler.
0:19 of 2nd period - Off-side.
0:20 of 2nd period - Bo Horvat wins face-off versus Blake Coleman in neutral zone.
0:47 of 2nd period - Shot by Anders Lee.
0:47 of 2nd period - Stopped by Connor Hellebuyck with a rebound.
0:49 of 2nd period - Shot by Vincent Hinostroza.
0:49 of 2nd period - Shot Hit the Post.
1:11 of 2nd period - Icing by Connor Murphy.
1:12 of 2nd period - Max Domi wins face-off versus Bo Horvat in SAN DIEGO THUNDER zone.
1:31 of 2nd period - Shot by Evgeny Dadonov.
1:31 of 2nd period - Deflect By Pierre-Luc Dubois.
1:31 of 2nd period - Stopped by Connor Hellebuyck without a rebound.
1:32 of 2nd period - Elias Pettersson wins face-off versus David Perron in SAN DIEGO THUNDER zone.
1:32 of 2nd period - Minor Penalty to Radko Gudas for Interference.
1:33 of 2nd period - Jean-Gabriel Pageau wins face-off versus Max Domi in SAN DIEGO THUNDER zone.
2:56 of 2nd period - Shot by Timo Meier.
2:56 of 2nd period - Shot Blocked by Connor Murphy.
3:08 of 2nd period - Alexander Edler is hit by Timo Meier and loses puck.
3:42 of 2nd period - Shot by Blake Coleman.
3:42 of 2nd period - Shot Misses the Net.
3:44 of 2nd period - Shot by Blake Coleman.
3:44 of 2nd period - Stopped by Connor Hellebuyck with a rebound.
4:15 of 2nd period - Shot by David Perron.
4:15 of 2nd period - Stopped by Jaroslav Halak with a rebound.
4:54 of 2nd period - Shot by Ryan Pulock.
4:54 of 2nd period - Shot Blocked by Radko Gudas.
4:56 of 2nd period - Shot by Ryan Pulock.
4:56 of 2nd period - Stopped by Connor Hellebuyck without a rebound.
4:57 of 2nd period - Jean-Gabriel Pageau wins face-off versus Elias Pettersson in SAN DIEGO THUNDER zone.
5:10 of 2nd period - Oliver Ekman-Larsson is hit by Jean-Gabriel Pageau and loses puck.
5:36 of 2nd period - Shot by Elias Pettersson.
5:36 of 2nd period - Deflect By Alex Killorn.
5:36 of 2nd period - Shot Misses the Net.
5:51 of 2nd period - Icing by Oliver Ekman-Larsson.
5:52 of 2nd period - Bo Horvat wins face-off versus Elias Pettersson in RENO LIONS zone.
6:09 of 2nd period - Shot by Bo Horvat.
6:09 of 2nd period - Stopped by Jaroslav Halak with a rebound.
6:17 of 2nd period - Shot by Josh Anderson.
6:17 of 2nd period - Shot Misses the Net.
6:51 of 2nd period - Shot by Dominik Kahun.
6:51 of 2nd period - Stopped by Jaroslav Halak with a rebound.
7:04 of 2nd period - Off-side.
7:05 of 2nd period - Blake Coleman wins face-off versus Logan Couture in neutral zone.
7:16 of 2nd period - Shot by Blake Coleman.
7:16 of 2nd period - Shot Misses the Net.
7:33 of 2nd period - Icing by Logan Couture.
7:34 of 2nd period - Logan Couture wins face-off versus Evgeny Dadonov in SAN DIEGO THUNDER zone.
7:34 of 2nd period - Nikita Kucherov is hit by Pierre-Luc Dubois and loses puck.
7:45 of 2nd period - Icing by Jordie Benn.
7:46 of 2nd period - Bo Horvat wins face-off versus Max Domi in RENO LIONS zone.
8:16 of 2nd period - Shot by Evgeny Dadonov.
8:16 of 2nd period - Stopped by Connor Hellebuyck with a rebound.
8:18 of 2nd period - Shot by Olli Maatta.
8:18 of 2nd period - Shot Blocked by Radko Gudas.
8:28 of 2nd period - Shot by Pierre-Luc Dubois.
8:28 of 2nd period - Stopped by Connor Hellebuyck with a rebound.
8:30 of 2nd period - Shot by Olli Maatta.
8:30 of 2nd period - Stopped by Connor Hellebuyck without a rebound.
8:31 of 2nd period - Jean-Gabriel Pageau wins face-off versus Tomas Nosek in SAN DIEGO THUNDER zone.
8:57 of 2nd period - Shot by Pierre-Edouard Bellemare.
8:57 of 2nd period - Shot Blocked by Ethan Bear.
9:03 of 2nd period - Shot by Connor Murphy.
9:03 of 2nd period - Shot Blocked by Ethan Bear.
9:05 of 2nd period - Shot by Josh Manson.
9:05 of 2nd period - Stopped by Jaroslav Halak without a rebound.
9:06 of 2nd period - Alex Killorn wins face-off versus Logan Couture in RENO LIONS zone.
9:36 of 2nd period - Shot by Elias Pettersson.
9:36 of 2nd period - Shot Misses the Net.
9:38 of 2nd period - Shot by Oliver Ekman-Larsson.
9:38 of 2nd period - Stopped by Connor Hellebuyck without a rebound.
9:39 of 2nd period - Max Domi wins face-off versus Bo Horvat in SAN DIEGO THUNDER zone.
9:41 of 2nd period - Evgeny Dadonov is hit by Connor Murphy and loses puck.
9:50 of 2nd period - Minor Penalty to Connor Murphy for Hooking.
9:51 of 2nd period - Max Domi wins face-off versus Jean-Gabriel Pageau in SAN DIEGO THUNDER zone.
10:16 of 2nd period - Shot by Elias Pettersson.
10:16 of 2nd period - Shot Misses the Net.
10:26 of 2nd period - Shot by Pierre-Edouard Bellemare.
10:26 of 2nd period - Stopped by Jaroslav Halak without a rebound.
10:27 of 2nd period - Jean-Gabriel Pageau wins face-off versus Timo Meier in RENO LIONS zone.
10:34 of 2nd period - Alexander Edler is hit by Alex Killorn and loses puck.
11:13 of 2nd period - Shot by Ryan Pulock.
11:13 of 2nd period - Shot Misses the Net.
11:15 of 2nd period - Shot by Ryan Pulock.
11:15 of 2nd period - Goal by Ryan Pulock - SAN DIEGO THUNDER : 0 - RENO LIONS : 2.
11:16 of 2nd period - Blake Coleman wins face-off versus Logan Couture in neutral zone.
11:37 of 2nd period - Shot by Nikita Kucherov.
11:37 of 2nd period - Deflect By Logan Couture.
11:37 of 2nd period - Shot Misses the Net.
11:45 of 2nd period - Shot by Logan Couture.
11:45 of 2nd period - Goal by Logan Couture - SAN DIEGO THUNDER : 1 - RENO LIONS : 2.
11:46 of 2nd period - Bo Horvat wins face-off versus Tomas Nosek in neutral zone.
12:00 of 2nd period - Shot by Bo Horvat.
12:00 of 2nd period - Stopped by Jaroslav Halak without a rebound.
12:01 of 2nd period - Jean-Gabriel Pageau wins face-off versus Max Domi in RENO LIONS zone.
12:02 of 2nd period - Shot by Alexander Edler.
12:02 of 2nd period - Stopped by Jaroslav Halak without a rebound.
12:03 of 2nd period - Max Domi wins face-off versus Jean-Gabriel Pageau in RENO LIONS zone.
12:10 of 2nd period - Shot by Jean-Gabriel Pageau.
12:10 of 2nd period - Stopped by Jaroslav Halak without a rebound.
12:11 of 2nd period - Bo Horvat wins face-off versus Max Domi in RENO LIONS zone.
12:30 of 2nd period - Shot by Alexander Edler.
12:30 of 2nd period - Stopped by Jaroslav Halak without a rebound.
12:31 of 2nd period - Jean-Gabriel Pageau wins face-off versus Elias Pettersson in RENO LIONS zone.
12:31 of 2nd period - Jean-Gabriel Pageau is hit by Ryan Pulock.
12:33 of 2nd period - Shot by Pierre-Edouard Bellemare.
12:33 of 2nd period - Stopped by Jaroslav Halak without a rebound.
12:34 of 2nd period - Jean-Gabriel Pageau wins face-off versus Elias Pettersson in RENO LIONS zone.
12:45 of 2nd period - Shot by Dominik Kahun.
12:45 of 2nd period - Stopped by Jaroslav Halak without a rebound.
12:46 of 2nd period - Max Domi wins face-off versus Logan Couture in RENO LIONS zone.
14:06 of 2nd period - Shot by Elias Pettersson.
14:06 of 2nd period - Shot Blocked by Charles McAvoy.
14:08 of 2nd period - Shot by Ryan Pulock.
14:08 of 2nd period - Shot Blocked by Charles McAvoy.
14:29 of 2nd period - Off-side.
14:30 of 2nd period - Bo Horvat wins face-off versus Blake Coleman in neutral zone.
14:44 of 2nd period - Bo Horvat is hit by Robert Hagg and loses puck.
15:02 of 2nd period - Shot by Evander Kane.
15:02 of 2nd period - Stopped by Jaroslav Halak without a rebound.
15:03 of 2nd period - Jean-Gabriel Pageau wins face-off versus Max Domi in RENO LIONS zone.
15:04 of 2nd period - Shot by Dominik Kahun.
15:04 of 2nd period - Stopped by Jaroslav Halak without a rebound.
15:05 of 2nd period - Max Domi wins face-off versus Jean-Gabriel Pageau in RENO LIONS zone.
15:23 of 2nd period - Shot by Max Domi.
15:23 of 2nd period - Shot Misses the Net.
15:25 of 2nd period - Shot by Pierre-Luc Dubois.
15:25 of 2nd period - Shot Misses the Net.
15:37 of 2nd period - Shot by Pierre-Luc Dubois.
15:37 of 2nd period - Stopped by Connor Hellebuyck with a rebound.
16:00 of 2nd period - Off-side.
16:01 of 2nd period - Elias Pettersson wins face-off versus Evander Kane in neutral zone.
16:25 of 2nd period - Shot by Timo Meier.
16:25 of 2nd period - Shot Blocked by Alexander Edler.
16:40 of 2nd period - Icing by Alexander Edler.
16:41 of 2nd period - Bo Horvat wins face-off versus Blake Coleman in SAN DIEGO THUNDER zone.
17:12 of 2nd period - Shot by Nikita Kucherov.
17:12 of 2nd period - Shot Blocked by Ethan Bear.
17:14 of 2nd period - Shot by Nikita Kucherov.
17:14 of 2nd period - Deflect By David Perron.
17:14 of 2nd period - Shot Misses the Net.
17:16 of 2nd period - Shot by Logan Couture.
17:16 of 2nd period - Shot Misses the Net.
17:51 of 2nd period - Icing by Pierre-Luc Dubois.
17:52 of 2nd period - Jean-Gabriel Pageau wins face-off versus Max Domi in RENO LIONS zone.
17:57 of 2nd period - Shot by Charles McAvoy.
17:57 of 2nd period - Stopped by Jaroslav Halak without a rebound.
17:58 of 2nd period - Jean-Gabriel Pageau wins face-off versus Elias Pettersson in RENO LIONS zone.
18:18 of 2nd period - Off-side.
18:19 of 2nd period - Max Domi wins face-off versus Bo Horvat in neutral zone.
18:29 of 2nd period - Olli Maatta is hit by Josh Anderson and loses puck.
18:35 of 2nd period - Evander Kane is hit by Olli Maatta and loses puck.
18:46 of 2nd period - Shot by Bo Horvat.
18:46 of 2nd period - Shot Misses the Net.
18:49 of 2nd period - Evander Kane is hit by Jordie Benn.
18:56 of 2nd period - Minor Penalty to Josh Manson for Goalie Interference.
18:57 of 2nd period - Pierre-Luc Dubois wins face-off versus Jean-Gabriel Pageau in SAN DIEGO THUNDER zone.
19:06 of 2nd period - Shot by Timo Meier.
19:06 of 2nd period - Stopped by Connor Hellebuyck without a rebound.
19:07 of 2nd period - Jean-Gabriel Pageau wins face-off versus Max Domi in SAN DIEGO THUNDER zone.
19:07 of 2nd period - Jean-Gabriel Pageau is hit by Max Domi.
19:51 of 2nd period - Shot by Evgeny Dadonov.
19:51 of 2nd period - Shot Misses the Net.
Goals for this period are 1 for SAN DIEGO THUNDER vs 1 for RENO LIONS.
Shots for this period are 15 for SAN DIEGO THUNDER vs 11 for RENO LIONS.

3rd period


0:01 of 3rd period - Jean-Gabriel Pageau wins face-off versus Max Domi in neutral zone.
0:24 of 3rd period - Shot by Elias Pettersson.
0:24 of 3rd period - Stopped by Connor Hellebuyck with a rebound.
0:26 of 3rd period - Shot by Oliver Ekman-Larsson.
0:26 of 3rd period - Stopped by Connor Hellebuyck with a rebound.
0:28 of 3rd period - Shot by Ryan Pulock.
0:28 of 3rd period - Shot Blocked by Alexander Edler.
1:19 of 3rd period - Shot by Logan Couture.
1:19 of 3rd period - Shot Misses the Net.
1:21 of 3rd period - Shot by Patrik Nemeth.
1:21 of 3rd period - Shot Blocked by Tomas Nosek.
1:23 of 3rd period - Shot by Charles McAvoy.
1:23 of 3rd period - Stopped by Jaroslav Halak without a rebound.
1:24 of 3rd period - Blake Coleman wins face-off versus Dominik Kahun in RENO LIONS zone.
2:05 of 3rd period - Shot by James Neal.
2:05 of 3rd period - Stopped by Jaroslav Halak without a rebound.
2:06 of 3rd period - Evander Kane wins face-off versus Elias Pettersson in RENO LIONS zone.
2:20 of 3rd period - Evander Kane is hit by Oliver Ekman-Larsson and loses puck.
2:36 of 3rd period - Icing by Radko Gudas.
2:37 of 3rd period - Bo Horvat wins face-off versus Max Domi in SAN DIEGO THUNDER zone.
3:35 of 3rd period - Icing by Timo Meier.
3:36 of 3rd period - Logan Couture wins face-off versus Elias Pettersson in RENO LIONS zone.
3:36 of 3rd period - Logan Couture is hit by Oliver Ekman-Larsson.
3:40 of 3rd period - Shot by Nikita Kucherov.
3:40 of 3rd period - Stopped by Jaroslav Halak without a rebound.
3:41 of 3rd period - Nikita Kucherov wins face-off versus Elias Pettersson in RENO LIONS zone.
4:08 of 3rd period - Timo Meier is hit by Patrik Nemeth and loses puck.
4:23 of 3rd period - Ryan Pulock is hit by David Perron.
4:28 of 3rd period - Minor Penalty to David Perron for Elbowing.
4:29 of 3rd period - Max Domi wins face-off versus Jean-Gabriel Pageau in SAN DIEGO THUNDER zone.
4:34 of 3rd period - Shot by Max Domi.
4:34 of 3rd period - Deflect By Evgeny Dadonov.
4:34 of 3rd period - Stopped by Connor Hellebuyck with a rebound.
4:36 of 3rd period - Shot by Ethan Bear.
4:36 of 3rd period - Stopped by Connor Hellebuyck with a rebound.
4:38 of 3rd period - Shot by Jordie Benn.
4:38 of 3rd period - Stopped by Connor Hellebuyck without a rebound.
4:39 of 3rd period - Jean-Gabriel Pageau wins face-off versus Max Domi in SAN DIEGO THUNDER zone.
4:39 of 3rd period - Jean-Gabriel Pageau is hit by Max Domi.
6:00 of 3rd period - Shot by Pierre-Luc Dubois.
6:00 of 3rd period - Stopped by Connor Hellebuyck with a rebound.
6:20 of 3rd period - Shot by Pierre-Luc Dubois.
6:20 of 3rd period - Stopped by Connor Hellebuyck without a rebound.
6:21 of 3rd period - Pierre-Edouard Bellemare wins face-off versus Pierre-Luc Dubois in SAN DIEGO THUNDER zone.
6:21 of 3rd period - Pierre-Edouard Bellemare is hit by Timo Meier.
6:39 of 3rd period - Shot by Blake Coleman.
6:39 of 3rd period - Shot Misses the Net.
6:42 of 3rd period - Icing by Charles McAvoy.
6:43 of 3rd period - Logan Couture wins face-off versus Nikolay Goldobin in SAN DIEGO THUNDER zone.
7:30 of 3rd period - Icing by Logan Couture.
7:31 of 3rd period - Max Domi wins face-off versus Logan Couture in SAN DIEGO THUNDER zone.
7:40 of 3rd period - Shot by Pierre-Luc Dubois.
7:40 of 3rd period - Stopped by Connor Hellebuyck with a rebound.
7:58 of 3rd period - Shot by Pierre-Luc Dubois.
7:58 of 3rd period - Stopped by Connor Hellebuyck without a rebound.
7:59 of 3rd period - Elias Pettersson wins face-off versus Dominik Kahun in SAN DIEGO THUNDER zone.
8:09 of 3rd period - Minor Penalty to Josh Manson for Goalie Interference.
8:10 of 3rd period - Jean-Gabriel Pageau wins face-off versus Max Domi in SAN DIEGO THUNDER zone.
8:37 of 3rd period - Shot by Elias Pettersson.
8:37 of 3rd period - Goal by Elias Pettersson - SAN DIEGO THUNDER : 1 - RENO LIONS : 3.
8:38 of 3rd period - Blake Coleman wins face-off versus Christian Fischer in neutral zone.
8:40 of 3rd period - Anders Lee is hit by Josh Manson and loses puck.
8:45 of 3rd period - Shot by Vincent Hinostroza.
8:45 of 3rd period - Shot Misses the Net.
8:47 of 3rd period - Shot by Jordie Benn.
8:47 of 3rd period - Stopped by Connor Hellebuyck without a rebound.
8:48 of 3rd period - Bo Horvat wins face-off versus Elias Pettersson in SAN DIEGO THUNDER zone.
8:53 of 3rd period - Ethan Bear is hit by Evander Kane and loses puck.
9:13 of 3rd period - Evander Kane is hit by Robert Hagg and loses puck.
9:18 of 3rd period - Shot by Bo Horvat.
9:18 of 3rd period - Shot Misses the Net.
9:20 of 3rd period - Shot by Evander Kane.
9:20 of 3rd period - Stopped by Jaroslav Halak without a rebound.
9:21 of 3rd period - Jean-Gabriel Pageau wins face-off versus Max Domi in RENO LIONS zone.
9:38 of 3rd period - Shot by Pierre-Edouard Bellemare.
9:38 of 3rd period - Shot Blocked by Ryan Pulock.
9:58 of 3rd period - Shot by Jean-Gabriel Pageau.
9:58 of 3rd period - Stopped by Jaroslav Halak with a rebound.
10:44 of 3rd period - Shot by Bo Horvat.
10:44 of 3rd period - Stopped by Jaroslav Halak without a rebound.
10:45 of 3rd period - Logan Couture wins face-off versus Vincent Hinostroza in RENO LIONS zone.
10:48 of 3rd period - Shot by Logan Couture.
10:48 of 3rd period - Deflect By David Perron.
10:48 of 3rd period - Stopped by Jaroslav Halak without a rebound.
10:49 of 3rd period - Elias Pettersson wins face-off versus David Perron in RENO LIONS zone.
11:09 of 3rd period - Shot by Nikita Kucherov.
11:09 of 3rd period - Stopped by Jaroslav Halak without a rebound.
11:10 of 3rd period - Evander Kane wins face-off versus Blake Coleman in RENO LIONS zone.
11:15 of 3rd period - Shot by Evander Kane.
11:15 of 3rd period - Shot Blocked by Olli Maatta.
11:27 of 3rd period - Shot by Blake Coleman.
11:27 of 3rd period - Stopped by Connor Hellebuyck with a rebound.
11:31 of 3rd period - Shot by Blake Coleman.
11:31 of 3rd period - Shot Misses the Net.
11:40 of 3rd period - Blake Coleman is hit by Josh Manson and loses puck.
12:30 of 3rd period - Icing by Jordie Benn.
12:31 of 3rd period - Logan Couture wins face-off versus Vincent Hinostroza in RENO LIONS zone.
12:34 of 3rd period - Shot by Nikita Kucherov.
12:34 of 3rd period - Shot Misses the Net.
13:08 of 3rd period - Shot by Nikita Kucherov.
13:08 of 3rd period - Shot Misses the Net.
13:26 of 3rd period - Shot by Elias Pettersson.
13:26 of 3rd period - Shot Misses the Net.
13:32 of 3rd period - Ryan Pulock is hit by Christian Fischer and loses puck.
13:41 of 3rd period - Shot by James Neal.
13:41 of 3rd period - Shot Misses the Net.
13:51 of 3rd period - Shot by James Neal.
13:51 of 3rd period - Stopped by Jaroslav Halak without a rebound.
13:52 of 3rd period - Bo Horvat wins face-off versus Max Domi in RENO LIONS zone.
13:53 of 3rd period - Shot by Josh Anderson.
13:53 of 3rd period - Shot Misses the Net.
13:55 of 3rd period - Shot by Evander Kane.
13:55 of 3rd period - Shot Misses the Net.
13:57 of 3rd period - Shot by Evander Kane.
13:57 of 3rd period - Shot Misses the Net.
13:59 of 3rd period - Shot by Evander Kane.
13:59 of 3rd period - Stopped by Jaroslav Halak with a rebound.
15:13 of 3rd period - Shot by Pierre-Edouard Bellemare.
15:13 of 3rd period - Shot Misses the Net.
15:50 of 3rd period - Shot by Nikolay Goldobin.
15:50 of 3rd period - Shot Misses the Net.
15:52 of 3rd period - Shot by Tomas Nosek.
15:52 of 3rd period - Stopped by Connor Hellebuyck without a rebound.
15:53 of 3rd period - Logan Couture wins face-off versus Elias Pettersson in SAN DIEGO THUNDER zone.
16:02 of 3rd period - Shot by Logan Couture.
16:02 of 3rd period - Stopped by Jaroslav Halak without a rebound.
16:03 of 3rd period - Bo Horvat wins face-off versus Alex Killorn in RENO LIONS zone.
16:20 of 3rd period - Shot by Bo Horvat.
16:20 of 3rd period - Deflect By Evander Kane.
16:20 of 3rd period - Stopped by Jaroslav Halak without a rebound.
16:21 of 3rd period - Blake Coleman wins face-off versus Logan Couture in RENO LIONS zone.
16:42 of 3rd period - Shot by Nikita Kucherov.
16:42 of 3rd period - Shot Misses the Net.
17:00 of 3rd period - Shot by Anders Lee.
17:00 of 3rd period - Deflect By Vincent Hinostroza.
17:00 of 3rd period - Goal by Vincent Hinostroza - SAN DIEGO THUNDER : 1 - RENO LIONS : 4.
17:01 of 3rd period - Jean-Gabriel Pageau wins face-off versus Timo Meier in neutral zone.
17:09 of 3rd period - Icing by Elias Pettersson.
17:10 of 3rd period - Bo Horvat wins face-off versus Elias Pettersson in RENO LIONS zone.
17:49 of 3rd period - Shot by Bo Horvat.
17:49 of 3rd period - Goal by Bo Horvat - SAN DIEGO THUNDER : 2 - RENO LIONS : 4.
17:50 of 3rd period - Jean-Gabriel Pageau wins face-off versus Max Domi in neutral zone.
18:08 of 3rd period - Shot by Pierre-Edouard Bellemare.
18:08 of 3rd period - Shot Blocked by Jordie Benn.
18:15 of 3rd period - Dominik Kahun is hit by Olli Maatta and loses puck.
18:18 of 3rd period - Shot by Dominik Kahun.
18:18 of 3rd period - Shot Misses the Net.
18:23 of 3rd period - Jean-Gabriel Pageau is hit by Jordie Benn and loses puck.
19:08 of 3rd period - Patrik Nemeth is hit by Timo Meier and loses puck.
19:26 of 3rd period - Shot by Alex Killorn.
19:26 of 3rd period - Shot Blocked by Charles McAvoy.
Goals for this period are 1 for SAN DIEGO THUNDER vs 2 for RENO LIONS.
Shots for this period are 13 for SAN DIEGO THUNDER vs 14 for RENO LIONS.


DARCY
KUEMPER
JAKE
OETTINGER
NINO
NIEDERREITER

EAST COAST

HOCKEY LEAGUE

  • 1.CHI2QUE4
  • 2.LIM2CHA3
  • 3.LON3TRV5
  • 4.BAL5CHW6
  • 5.MANPIT
  • 6.NHWATL
  • 7.PETWOR
  • 8.RHI